Map: Triton LE

Players

RiSky - Winner!

  • Race: Zerg Zerg
  • Spawn Location: 5:00

PartinG

  • Race: Protoss Protoss
  • League: Master
  • Spawn Location: 11:00

VOD

Have the link to the VOD?

Description

Time

  • Played on: Jan. 6, 2020, 8:58 p.m.
  • Length: 7:25
Show
View Real Time Build Order
Export as new Build Order

RiSky Zerg - Winner!

Build Orders: Pool First 

Get SALT Encoding   

  12  0:00  Drone  
  13  0:12  Overlord  
  13  0:16  Drone  
  14  0:30  Drone x2  
  16  0:40  Spawning Pool  
  15  0:44  Drone  
  15  0:47  Drone  
  17  1:07  Hatchery  
  17  1:10  Drone  
  17  1:30  Zergling x6  
  20  1:34  Queen  
  22  1:45  Spine Crawler  
  21  1:48  Spine Crawler  
  20  1:55  Overlord  
  20  2:02  Drone  
  20  2:05  Extractor  
  20  2:07  Extractor  
  18  2:16  Queen  
  18  2:19  Drone  
  22  2:23  Drone  
  22  2:27  Drone  
  24  2:32  Drone  
  25  2:37  Drone x2  
  27  2:44  Drone  
  27  2:51  Drone  
  29  2:52  Drone  
  30  3:00  Drone  
  30  3:02  Overlord  
  31  3:08  Drone  
  31  3:11  Queen  
  34  3:14  Drone  
  35  3:22  Drone, Queen  
  35  3:25  Drone  
  39  3:28  Drone x2  
  39  3:33  Metabolic Boost  
  41  3:38  Zergling x4  
  43  3:41  Overlord  
  43  3:54  Overlord  
  43  4:00  Zergling x2  
  44  4:05  Overlord  
  44  4:07  Overlord  
  44  4:11  Queen x2  
  44  4:13  Zergling x4  
  44  4:16  Zergling x2  
  51  4:20  Zergling x2  
  51  4:24  Overlord  
  52  4:26  Zergling x4  
  52  4:28  Zergling x2  
  55  4:34  Zergling x2  
  56  4:40  Zergling x2  
  56  4:41  Zergling x2  
  56  4:43  Zergling x4  
  60  4:47  Queen x2  
  60  4:48  Zergling x2  
  65  4:54  Zergling x2  
  65  4:58  Overlord  
  66  5:06  Zergling x2  
  67  5:12  Zergling x2  
  68  5:19  Zergling x2  
  68  5:21  Overlord  
  68  5:23  Queen x2, Baneling Nest  
  68  5:24  Zergling x8  
  75  5:29  Zergling x4  
  75  5:35  Zergling x4  
  76  5:45  Zergling x4  
  76  5:48  Zergling x2  
  79  5:55  Spore Crawler  
  79  5:56  Zergling x8  
  81  5:58  Queen x2  
  85  6:06  Zergling x2  
  85  6:07  Zergling x2  
  83  6:13  Zergling x8  
  87  6:19  Zergling x2  
  87  6:20  Baneling x8  
  87  6:24  Zergling x2  
  88  6:28  Zergling x2  
  88  6:31  Zergling x4  
  86  6:34  Queen  
  86  6:37  Zergling x4  
  90  6:42  Zergling x6  
  90  6:45  Zergling x2  
  86  6:49  Zergling x2  
  86  6:52  Zergling x2  
  83  7:00  Zergling x2  
  86  7:07  Zergling x2  
Show
View Real Time Build Order
Export as new Build Order

PartinG Protoss 

Build Orders:  

Get SALT Encoding   

  12  0:01  Probe  
  13  0:13  Probe  
  14  0:18  Pylon  
  14  0:25  Probe (Chrono Boost)  
  15  0:37  Probe (Chrono Boost), Gateway  
  16  0:45  Probe (Chrono Boost)  
  16  0:48  Assimilator  
  17  0:51  Probe  
  18  1:01  Forge  
  19  1:04  Probe  
  19  1:16  Probe  
  20  1:20  Pylon  
  20  1:39  Photon Cannon  
  20  1:41  Pylon  
  20  1:51  Probe  
  20  1:53  Pylon  
  20  2:01  Cybernetics Core  
  20  2:02  Photon Cannon  
  20  2:10  Pylon  
  20  2:12  Probe  
  21  2:21  Photon Cannon  
  21  2:31  Photon Cannon  
  21  2:38  Robotics Facility  
  21  2:42  Assimilator  
  21  2:48  Warp Gate  
  21  2:53  Shield Battery  
  21  2:59  Stalker  
  21  3:03  Probe  
  24  3:10  Shield Battery  
  24  3:22  Shield Battery  
  24  3:26  Observer (Chrono Boost)  
  25  3:37  Immortal (Chrono Boost)  
  29  3:44  Shield Battery  
  29  3:57  Pylon  
  29  4:03  Warp Prism (Chrono Boost)  
  31  4:23  Shield Battery  
  31  4:30  Immortal (Chrono Boost)  
  31  4:35  Shield Battery  
  35  4:42  Shield Battery  
  35  4:48  Observer  
  35  4:56  Robotics Bay  
  35  4:57  Shield Battery  
  35  5:17  Immortal (Chrono Boost)  
  39  5:33  Observer  
  39  5:41  Shield Battery  
  39  6:02  Pylon  
  39  6:05  Shield Battery x2  
  39  6:18  Immortal (Chrono Boost)  
  42  6:35  Nexus  
  42  6:43  Sentry  
  44  6:48  Shield Battery  
  39  6:55  Photon Cannon  
  39  7:00  Pylon  
  39  7:05  Shield Battery  
  39  7:11  Sentry  
Tags
 
Add a new tag
Caveats
  • Supply blocks, unpowered buildings, or Contaminate may cause inaccurate times.
  • Supply counts are checked every 10 seconds.